 Dungeon Crawl Stone Soup version 0.18-a0-1171-ga8e22e7 (webtiles) character file.

105 Minkie the Insei (level 4, -6/37 HPs)
             Began as a Draconian Transmuter on Jan 26, 2016.
             Mangled by a big kobold
             ... wielding a +0 short sword
              (10 damage)
             ... on level 3 of the Dungeon.
             The game lasted 00:07:57 (2383 turns).

Minkie the Insei (Draconian Transmuter)             Turns: 2383, Time: 00:07:57

Health: -6/37      AC:  8    Str: 12    XL:     4   Next: 54%
Magic:  7/7        EV:  8    Int: 13    God:
Gold:   91         SH:  2    Dex: 13    Spells: 1 memorised, 6 levels left

rFire  . . .     SeeInvis .       - Unarmed
rCold  . . .     Gourm    .     (armour unavailable)
rNeg   . . .     Faith    .     (no shield)
rPois  .         Spirit   .     (helmet restricted)
rElec  .         Dismiss  .     (no cloak)
rCorr  .         Reflect  +     (no gloves)
SustAt .         Harm     .     e - +2 pair of boots
MR     .....                    d - +2 amulet of reflection
Stlth  +.........               (no ring)
                                (no ring)

@: not resistant to hostile enchantments, very unstealthy
A: unfitting armour, cold-blooded, AC +5
a: no special abilities


You were on level 3 of the Dungeon.
You were not hungry.

You visited 1 branch of the dungeon, and saw 3 of its levels.

You collected 91 gold pieces.

Inventory:

Missiles
 a - 34 arrows
 k - 17 bolts
Armour
 e - a +2 pair of boots (worn)
Jewellery
 d - a +2 amulet of reflection (around neck)
 t - an uncursed ring of protection from cold {unknown}
Scrolls
 f - 2 scrolls of identify {unknown}
 g - a scroll of teleportation {unknown}
 j - 2 scrolls of random uselessness {unknown}
 n - a scroll of enchant weapon {unknown}
 o - a scroll of remove curse {unknown}
Potions
 h - 3 potions of lignification {unknown}
 l - a potion of heal wounds {unknown}
 m - a potion of ambrosia {unknown}
 q - 2 potions of agility {unknown}
 r - 2 potions of curing {unknown}
 s - a potion of invisibility {unknown}
Books
 b - a book of Changes

   Spells                             Type                      Level
   a - Beastly Appendage              Transmutation                1
   b - Sticks to Snakes               Transmutation                2
   c - Spider Form                    Transmutation/Poison         3
   d - Ice Form                       Ice/Transmutation            4
   e - Blade Hands                    Transmutation                5
Comestibles
 c - 2 bread rations
 i - 5 fruits
 p - 2 slices of pizza
 u - 2 chunks of flesh


   Skills:
 + Level 2.5 Fighting
 + Level 2.7 Dodging
 * Level 4.2 Unarmed Combat
 - Level 2.0 Spellcasting
 - Level 2.0 Transmutations


You had 6 spell levels left.
You knew the following spells:

 Your Spells              Type           Power        Failure   Level  Hunger
a - Beastly Appendage     Trmt           #.....       12%         1    ##.....


Dungeon Overview and Level Annotations

Branches:
Dungeon (3/15)

Altars:
Dithmenos
Elyvilon
Nemelex Xobeh
Ru
The Shining One


Innate Abilities, Weirdness & Mutations

Your plain brown scales are hard (AC +5).
Your body does not fit into most forms of armour.
You are cold-blooded and may be slowed by cold attacks.


Message History

You barely miss the kobold. The kobold misses you.
The kobold barely misses you.
The big kobold hits you with a short sword.
* * * LOW HITPOINT WARNING * * *
The kobold hits you but does no damage.
You see here a stone.
The kobold barely misses you.
You see here a stone.
A giant newt comes into view.
There is a large open door here.
The giant newt bites you but does no damage.
The giant newt closely misses you.
You enter the shallow water.
Moving in this stuff is going to be slow.
The giant newt barely misses you.
There is a stone staircase leading up here.
Things that are here:
a dagger; 30 stones The big kobold hits you with a short sword!
You die...

≈≈≈≈≈≈≈≈≈≈≈≈≈≈≈≈≈≈≈≈≈....≈≈≈≈≈≈≈≈
≈≈≈≈≈≈≈≈≈≈≈≈≈≈≈≈≈≈≈≈≈....≈≈≈≈≈≈≈≈
.≈≈≈≈.≈≈≈≈≈≈≈≈≈≈≈≈≈.≈.....≈≈.≈≈≈≈
.................).K.............
...................K.............
##..###########.#.....####.##.###
##..# #.#l##### #....### ....#
##(#K# ####.... ##.##
#..@(############### #.#
#.#.(((.........# #.#
#....##########.# #.# ####.# #†#
#.# #.# #.# #.####### #.# #####.#
#.......# #.# #.....# #######.#
#.# #...### #.# #.# ##....###


You could see a big kobold, 2 kobolds and a giant newt.

Vanquished Creatures
  2 adders (D:2)
  A worm (D:3)
  3 giant geckos
  2 orcs (D:3)
  3 giant cockroaches
  9 goblins
  7 hobgoblins
  11 jackals
  A ball python (D:1)
  10 bats
  3 giant newts
  15 kobolds
  6 rats
73 creatures vanquished.

Notes
Turn   | Place    | Note
--------------------------------------------------------------
     0 | D:1      | Minkie the Draconian Transmuter began the quest for the Orb.
     0 | D:1      | Reached XP level 1. HP: 16/16 MP: 3/3
   137 | D:1      | Reached XP level 2. HP: 23/23 MP: 5/5
   578 | D:1      | Reached XP level 3. HP: 27/29 MP: 6/6
   919 | D:2      | Reached skill level 4 in Unarmed Combat
  1237 | D:2      | Found a faded altar to an unknown god.
  1398 | D:2      | Reached XP level 4. HP: 34/36 MP: 7/7
  1886 | D:3      | Found a glowing golden altar of the Shining One.
  1887 | D:3      | Found a sparkling altar of Nemelex Xobeh.
  1888 | D:3      | Found a sacrificial altar of Ru.
  1893 | D:3      | Found a white marble altar of Elyvilon.
  1894 | D:3      | Found a shadowy altar of Dithmenos.
  2317 | D:3      | Noticed a big kobold
  2383 | D:3      | Mangled by a big kobold

Vault maps used:
D:1:      scummos_arrival_checkerplants
D:2:      ecumenical_altar_2, minmay_misc_feat_iff, item_on_display_a
D:3:      minmay_goblin_kobold_castle, grunt_temple_overflow_open,
          kennysheep_generic_room_4

Action                   |  1- 3 |  4- 6 || total
-------------------------+-------+-------++-------
Melee: Unarmed           |   157 |   108 ||   265
  Eat: Chunk             |     2 |     3 ||     5
